 Dungeon Crawl Stone Soup version 0.32-a0-818-gb728d0252e (webtiles) character file.

Game seed: 6928572942175396775

219141 Shayle the Warrior (level 19, -1/157 HPs)
             Began as a Coglin Alchemist on Mar 22, 2024.
             Was an Initiate of Gozag.
             Killed by a resonance strike
             ... invoked by a ragged hierophant
              (18 damage)
             ... in the Desolation of Salt on Mar 23, 2024.
             The game lasted 03:30:38 (49743 turns).

Shayle the Warrior (Coglin Alchemist)              Turns: 49743, Time: 03:30:39

Health: -1/157     AC: 16    Str: 12    XL:     19   Next: 13%
Magic:  23/31      EV: 16    Int: 23    God:    Gozag
Gold:   731        SH:  0    Dex: 17    Spells: 3/34 levels left

rFire   + + .        q - +5 morningstar (freeze) {Yvonne}
rCold   + . .        z - +9 spear of Fedhas's Esteem {pain, Str+3}
rNeg    . . .        Q - +3 leather armour {rF+}
rPois   .            k - +2 hood of the Assassin {Detect Stab+ Stlth++}
rElec   .            j - +2 cloak
rCorr   .            f - +0 pair of fencer's gloves {Riposte Dex+3}
SInv    .            y - +2 pair of boots
Will    +....        (amulet unavailable)
Stlth   ++++         (ring unavailable)
HPRegen 0.46/turn    (ring unavailable)
MPRegen 0.22/turn    U - megareticulated subsystem {rF+ rC+ Clar RMsl}

%: repel missiles, clarity
@: gold aura, revved
A: off-hand wielding, slow wielding, warmup strikes, no jewellery
}: 1/15 runes: barnacled
a: Renounce Religion, Potion Petition, Call Merchant, Bribe Branch


You were in the Desolation of Salt.
You worshipped Gozag.
Gozag was pleased with you.
You visited 7 branches of the dungeon, and saw 31 of its levels.
You also visited: Bailey, Gauntlet and Desolation.

You collected 11768 gold pieces.
You spent 1171 gold pieces at shops.
You paid 9866 gold pieces to Gozag.

Inventory:

Hand Weapons
 n - a +2 sling of draining
 q - a +5 morningstar of freezing (weapon) {Yvonne}
 t - a +1 sling of flaming
 z - the +9 spear of Fedhas's Esteem (offhand) {pain, Str+3}
   (You found it on level 6 of the Dungeon)

   Str+3:     It affects your strength (+3).
Missiles
 A - 11 throwing nets
 E - 19 silver javelins
 F - 2 curare-tipped darts (quivered)
Armour
 f - the +0 pair of fencer's gloves (worn) {Riposte Dex+3}
   (You acquired it on level 8 of the Dungeon)

   Riposte:   It allows the wearer to riposte with melee weapons, swiftly
   retaliating against missed or blocked melee attacks.
   Dex+3:     It affects your dexterity (+3).
 j - a +2 cloak (worn)
 k - the +2 hood of the Assassin (worn) {Detect Stab+ Stlth++}
   (You found it on level 13 of the Dungeon)

   Detect:    It allows the wearer to sense nearby creatures.
   Stab+:     It allows the wearer to make particularly effective stabbing
   attacks against helpless or unaware enemies with any weapon.
   Stlth++:   It makes you much more stealthy.
 y - a +2 pair of boots (worn)
 Q - a +3 leather armour of fire resistance (worn)
Magical Staves
 m - the staff "Huaq" {rElec rF+ Int+2 Dex+3 Air}
   (You acquired it on level 1 of the Vaults)

   [staff of air]

   Base accuracy: +5 Base damage: 5 Base attack delay: 1.2 This weapon's minimum
   attack delay (0.6) is reached at skill level 12.
   Int+2:     It affects your intelligence (+2).
   Dex+3:     It affects your dexterity (+3).
   rF+:       It protects you from fire.
   rElec:     It insulates you from electricity.
   Air:       It increases the power of your Air spells.
   It falls into the 'Staves' category.
   It is a one-graspered weapon.
Gizmo
 U - a megareticulated subsystem (installed) {rF+ rC+ Clar RMsl}
   (You invented it yourself on level 4 of the Lair of Beasts)

   [megareticulated subsystem]

   rF+:       It protects you from fire.
   rC+:       It protects you from cold.
   Clar:      It protects you from confusion, rage, mesmerisation and fear.
   RMsl:      It protects you from missiles.
Wands
 a - a wand of paralysis (6)
 s - a wand of iceblast (2)
 B - a wand of polymorph (5)
 M - a wand of light (27)
 P - a wand of flame (2)
Scrolls
 d - a scroll of poison
 i - a scroll of amnesia
 p - a scroll of enchant armour
 v - 6 scrolls of fog
 w - 11 scrolls of teleportation
 x - 2 scrolls of butterflies
 H - a scroll of brand weapon
 I - 2 scrolls of immolation
 K - 2 scrolls of vulnerability
 N - 4 scrolls of fear
 O - 4 scrolls of torment
 T - a scroll of silence
Potions
 b - 3 potions of magic
 e - 2 potions of invisibility
 g - 6 potions of enlightenment
 h - 2 potions of berserk rage
 o - 6 potions of lignification
 u - a potion of attraction
 C - 7 potions of mutation
 D - 5 potions of haste
 G - 2 potions of brilliance
 L - a potion of ambrosia
 R - a potion of might
 S - 2 potions of resistance
 V - a potion of cancellation
Miscellaneous
 J - a lightning rod (4/4)


   Skills:
 - Level 15.7 Fighting
 - Level 9.3 Ranged Weapons
 + Level 6.7 Armour
 - Level 10.1 Dodging
 - Level 1.5 Stealth
 - Level 8.0 Spellcasting
 - Level 7.1 Conjurations
 - Level 6.8 Necromancy
 - Level 8.5 Fire Magic
 + Level 12.8 Ice Magic
 - Level 4.9 Air Magic
 - Level 11.0 Earth Magic
 - Level 6.7 Alchemy


You had 3 spell levels left.
You knew the following spells:

 Your Spells              Type           Power      Damage    Failure   Level
a - Sting                 Conj/Alch      100%       1d9       1%          1
b - Mephitic Cloud        Conj/Alch/Air  38%        N/A       1%          3
c - Sticky Flame          Fire/Alch      44%        2d8       3%          4
d - Freezing Cloud        Conj/Ice/Air   23%        6-21      8%          5
e - Olgreb's Toxic Radia  Alch           40%        N/A       5%          4
f - Permafrost Eruption   Ice/Erth       29%        2x4d9     10%         6
g - Ignite Poison         Fire/Alch      44%        N/A       3%          4
h - Summon Blazeheart Go  Fire/Summ      28%        N/A       14%         4

Your spell library contained the following spells:

 Spells                   Type           Power      Damage    Failure   Level
 Foxfire                  Conj/Fire      100%       2x1d9     1%          1
 Cigotuvi's Dreadful Rot  Necr/Alch/Air  74%        N/A       1%          2
 Ensorcelled Hibernation  Hex/Ice        76%        N/A       1%          2
 Mercury Vapours          Alch/Air       72%        N/A       1%          2
 Sublimation of Blood     Necr           40%        N/A       1%          2
 Frozen Ramparts          Ice            100%       1d16      1%          3
 Hailstorm                Conj/Ice       53%        3d10      1%          3
 Ozocubu's Armour         Ice            62%        N/A       1%          3
 Summon Ice Beast         Ice/Summ       38%        N/A       1%          3
 Vampiric Draining        Necr           40%        2d8       1%          3
 Momentum Strike          Conj/Tloc      50%        3d9       3%          2
 Inner Flame              Hex/Fire       28%        N/A       4%          3
 Volatile Blastmotes      Fire/Tloc      56%        2d14      4%          3
 Apportation              Tloc           18%        N/A       9%          1
 Slow                     Hex            36%        N/A       9%          1
 Blink                    Tloc           18%        N/A       13%         2
 Call Imp                 Summ           18%        N/A       13%         2
 Lesser Beckoning         Tloc           18%        N/A       13%         2
 Confusing Touch          Hex            9%         N/A       26%         3
 Tukima's Dance           Hex            9%         N/A       26%         3
 Leda's Liquefaction      Alch/Erth      25%        N/A       2%          4
 Petrify                  Alch/Erth      50%        N/A       2%          4
 Dispel Undead            Necr           40%        3d16      4%          4
 Fulminant Prism          Conj/Alch      20%        3d12      4%          4
 Iskenderun's Battlesphe  Conj           42%        2d9       12%         5
 Irradiate                Conj/Alch      20%        3d18      14%         5
 Alistair's Intoxication  Alch           26%        N/A       16%         5
 Metabolic Englaciation   Hex/Ice        19%        N/A       17%         5
 Iskenderun's Mystic Bla  Conj/Tloc      25%        2d7       19%         4
 Anguish                  Hex/Necr       12%        N/A       21%         4
 Martyr's Knell           Necr/Summ      24%        N/A       21%         4
 Sculpt Simulacrum        Ice/Alch       26%        N/A       24%         6
 Bombard                  Conj/Erth      25%        9d5       30%         6
 Yara's Violent Unravell  Hex/Alch       12%        3d7       52%         5
 Cause Fear               Hex            4%         N/A       63%         4
 Dimensional Bullseye     Hex/Tloc       4%         N/A       63%         4
 Summon Forest            Summ/Tloc      4%         N/A       93%         5
 Summon Mana Viper        Hex/Summ       9%         N/A       93%         5
 Summon Cactus Giant      Summ           4%         N/A       100%        6
 Enfeeble                 Hex            4%         N/A       100%        7
 Spellforged Servitor     Conj/Summ      12%        N/A       100%        7
 Summon Hydra             Summ           4%         N/A       100%        7
 Ignition                 Fire           24%        3d8       100%        8


Dungeon Overview and Level Annotations

Branches:
Dungeon (14/15)            Temple (1/1) D:4            Lair (5/5) D:9
 Shoals (4/4) Lair:2       Spider (3/4) Lair:2        Slime (0/5) Lair:5
    Orc (2/2) D:10            Elf (0/3) Orc:2        Vaults (2/5) D:13
  Crypt (0/3) Vaults:2     Bailey (visited)         Desolation (1/1)
Gauntlet (visited)

Altars:
Ashenzari
Cheibriados
Dithmenos
Elyvilon
Fedhas
Gozag
Hepliaklqana
Kikubaaqudgha
Makhleb
Nemelex Xobeh
Okawaru
Qazlal
Ru
Sif Muna
Trog
Uskayaw
Vehumet
Wu Jian
Xom
Yredelemnul
Zin
The Shining One
Beogh
Jiyva

Shops:
D:1 (   D:6 [   D:9 !?(   D:13 *   Orc:2 :*[(   Vaults:1 :

Annotations:
D:14 Agnes
Lair:3 2 transporters, exclusion: oklob plant
Spider:3 Mara


Innate Abilities, Weirdness & Mutations

You can wield a second weapon in your off-hand.
It takes a long time for you to wield or remove held weapons.
Your first few attacks do less damage.
You cannot equip rings or amulets.


Message History

* * * LOW HITPOINT WARNING * * *
Unknown command.
You feel much better.
* * * LOW HITPOINT WARNING * * *
You feel extremely sick.
The guardian serpent burns!
The saltling hits you but does no damage.
The guardian serpent coils itself and waves its upper body at you.
The ragged hierophant blinks!
The saltling blinks!
The saltling blinks into view!
The saltling blinks!
The saltling misses you.
Unknown command.
Unknown command. [a] - 224 gold - might and brilliance [b] - 392 gold - resistance and might [c] - 448 gold - heal wounds, curing and magic Purchase which effect?
You feel much better.
You feel better. Magic courses through your body.
The guardian serpent burns!
The guardian serpent hits you but does no damage.
The guardian serpent casts a spell at you.
The saltling hits you! x2
* * * LOW HITPOINT WARNING * * *
A saltling comes into view.
The saltling hits you but does no damage.
The ragged hierophant gestures at you while chanting.
A blast of power from the earth and the saltlings strikes you!
* * * LOW HITPOINT WARNING * * *
The saltling barely misses you.
You riposte.
You hit the saltling but do no damage. x2
The guardian serpent coils itself and waves its upper body at you.
You easily resist.
Blink to where?
Press: ? - help, Dir - move target, p - guardian serpent
As you read the scroll of blinking, it crumbles to dust.
You feel a bit more experienced.
A peacekeeper comes into view.
The ragged hierophant casts a spell at you.
A blast of power from the earth strikes you!
You die...
Your body crumbles into a pile of gold.

..#...9$999....##
#.....9S9a....##
#.......#9....##
.§§§§...S..#...##
.§§§§..........##
.§§$§..........##
.§§§#...§...#..##
.§§§....9......##
.§.§..9.......@##
..§............##
.......9§.§§...##
.......§§§§§...##
.......§..§§§..##
.......§.§§....##
.......§§§§....##
.........§§§...##
...............##


You could see a ragged hierophant, a peacekeeper (wandering, sheltered), a
guardian serpent (sheltered) and 3 saltlings.

Vanquished Creatures
  Norris (Vaults:1)
  A storm dragon (Shoals:4)
  A ghost moth (Spider:1)
  2 emperor scorpions (Spider:3)
  5 broodmothers
  An ironbound thunderhulk (Vaults:1)
  A formless jellyfish (Shoals:3)
  2 orc warlords
  2 ironbound preservers (Vaults:1)
  A minotaur (Gauntlet)
  5 merfolk impalers
  5 merfolk javelineers (Shoals:4)
  A fire dragon (Lair:5)
  A yaktaur captain (Vaults:1)
  4 entropy weavers
  A great orb of eyes (Vaults:1)
  3 vault guards (D:13)
  2 servants of whispers (Desolation)
  2 peacekeepers (Vaults:2)
  3 hydras
  Harold (D:10)
  6 centaur warriors
  2 alligator snapping turtles (Shoals:3)
  2 death knights (D:12)
  Erolcha (Orc:1)
  A radroach (Spider:3)
  2 merfolk avatars
  2 boulder beetles
  2 two-headed ogres
  2 jorogumos
  5 merfolk aquamancers
  7 demonic crawlers
  6 death yaks
  3 tengu warriors
  A deep troll earth mage (D:12)
  4 orc high priests (Orc:2)
  Amaemon (Lair:1)
  2 skeletal warriors
  10 pharaoh ants
  2 skysharks (Vaults:1)
  Lodul (D:10)
  8 sea snakes
  3 orb spiders
  4 arcanists
  12 deep trolls (Vaults:1)
  18 slime creatures
  An ironbound convoker (Vaults:1)
  10 lindwurms
  7 harpies
  4 deep elf pyromancers
  10 orc knights
  Pikel (D:5)
  An obsidian bat (Orc:1)
  12 manticores
  3 ugly things (Vaults:1)
  4 oklob plants (Lair:5)
  16 wolf spiders
  9 cyclopes
  5 fauns
  8 merfolk sirens
  3 orc sorcerers (Orc:2)
  3 meliai (D:13)
  A guardian serpent (Desolation)
  Joseph (Lair:1)
  10 elephants
  A rust devil (Gauntlet)
  4 torpor snails
  11 water nymphs
  7 black mambas
  A vault sentinel (Vaults:1)
  6 cane toads
  3 molten gargoyles
  An unseen horror (D:10)
  An orange demon (Lair:1)
  2 gargoyles
  9 komodo dragons
  2 freezing wraiths
  A kobold demonologist (D:12)
  22 blink frogs
  8 wind drakes
  7 trolls
  2 polar bears
  4 saltlings (Desolation)
  26 merfolk
  19 tarantellas
  3 hornets (Gauntlet)
  6 snapping turtles
  The ghost of smashvw the Insei, an amateur OpSh (D:3)
  12 dream sheep
  22 jumping spiders
  20 culicivoras
  A spriggan (Lair:1)
  3 air elementals (Shoals:4)
  48 yaks
  A ynoxinul (Gauntlet)
  2 shadows
  22 water elementals
  A wraith (D:13)
  4 wyverns
  20 humans (D:13)
  5 basilisks
  A warg (Orc:2)
  30 redbacks
  7 vampire mosquitoes
  4 steam dragons
  13 water moccasins
  3 hell hounds (Lair:5)
  A sky beast (D:8)
  4 ice beasts
  32 orc warriors
  2 black bears
  14 ogres
  2 laughing skulls (D:13)
  19 wolves
  12 centaurs
  A lemure (D:5)
  A phantom (D:3)
  The ghost of inkslinger the Grave Robber, an amateur DENe (D:3)
  A scorpion (D:4)
  6 kobold brigands
  12 bullfrogs
  2 gnoll sergeants
  14 wights
  5 killer bees (D:9)
  An electric eel (Lair:2)
  5 howler monkeys
  5 lava snakes (Lair:5)
  2 hounds
  2 jellies
  A bombardier beetle (D:4)
  21 orc priests
  2 iron imps (Gauntlet)
  A sleepcap (D:7)
  2 iguanas
  35 orc wizards
  Robin (D:2)
  17 gnolls
  4 adders
  5 shadow imps
  3 white imps
  6 ufetubi
  2 dart slugs
  2 ribbon worms
  107 orcs
  6 ball pythons
  6 bats
  3 endoplasms
  2 giant cockroaches (D:1)
  20 goblins
  15 hobgoblins
  11 jackals
  3 quokkas
  3 frilled lizards
  32 kobolds
  6 rats
  A butterfly (D:3)
1088 creatures vanquished.

Vanquished Creatures (collateral kills)
  An ironbound preserver (Vaults:1)
  A sea snake (Shoals:3)
2 creatures vanquished.

Vanquished Creatures (others)
  A merfolk impaler (Shoals:4)
  A wind drake (Shoals:4)
  A shadow (D:9)
  An electric eel (Lair:2)
  A jackal (D:5)
  A blazeheart core (Desolation)
6 creatures vanquished.

Grand Total: 1096 creatures vanquished

Notes
Turn   | Place    | Note
-------+----------+-------------------------------------------
     0 | D:1      | Shayle the Coglin Alchemist began the quest for the Orb.
     0 | D:1      | Reached XP level 1. HP: 13/13 MP: 3/3
   178 | D:1      | Reached skill level 1 in Fighting
   178 | D:1      | Reached XP level 2. HP: 21/21 MP: 0/4
   284 | D:1      | Reached skill level 1 in Ranged Weapons
   365 | D:1      | Found a faded altar of an unknown god.
   889 | D:1      | Reached XP level 3. HP: 23/27 MP: 3/5
  1019 | D:1      | Found Xasoth Qose's Weapon Shop.
  1336 | D:2      | Reached skill level 2 in Fighting
  1500 | D:2      | Noticed Robin
  1531 | D:2      | Reached XP level 4. HP: 34/34 MP: 3/6
  1661 | D:2      | Killed Robin
  2209 | D:3      | Found a glowing golden altar of the Shining One.
  2256 | D:3      | Found a runed translucent gate.
  2257 | D:3      | Found a runed translucent gate.
  2257 | D:3      | Found a runed translucent gate.
  2258 | D:3      | Noticed smashvw's ghost (amateur OpSh)
  2259 | D:3      | Noticed inkslinger's ghost (amateur DENe)
  2295 | D:3      | Found a white marble altar of Elyvilon.
  2308 | D:3      | Noticed a phantom
  2347 | D:3      | Killed a phantom
  2348 | D:3      | Reached skill level 3 in Fighting
  2348 | D:3      | Reached XP level 5. HP: 21/41 MP: 7/7
  2443 | D:3      | Found a shadowy altar of Dithmenos.
  2670 | D:3      | Reached XP level 6. HP: 48/48 MP: 8/8
  2927 | D:4      | Reached skill level 4 in Fighting
  3123 | D:4      | Found a staircase to the Ecumenical Temple.
  3151 | Temple   | Entered the Ecumenical Temple
  3158 | Temple   | Became a worshipper of Gozag Ym Sagoz the Greedy
  3249 | D:4      | Learned a level 3 spell: Mephitic Cloud
  3412 | D:4      | Reached XP level 7. HP: 16/55 MP: 3/9
  4085 | D:5      | Entered Level 5 of the Dungeon
  4647 | D:1      | Bought a +1 sling of draining for 135 gold pieces
  4826 | D:4      | Reached skill level 5 in Fighting
  4843 | D:5      | Noticed a steam dragon
  4860 | D:5      | Killed a steam dragon
  4864 | D:5      | Reached skill level 5 in Ranged Weapons
  4864 | D:5      | Reached XP level 8. HP: 63/63 MP: 2/10
  4995 | D:5      | Found a stormy altar of Qazlal.
  5341 | D:5      | Reached skill level 5 in Alchemy
  5582 | D:6      | Reached skill level 6 in Fighting
  5785 | D:6      | Found a bloodstained altar of Trog.
  5789 | D:6      | Found a burning altar of Makhleb.
  5903 | D:6      | Noticed Pikel
  5991 | D:5      | Killed Pikel
  5992 | D:5      | Reached XP level 9. HP: 45/71 MP: 4/11
  6098 | D:6      | Found Meliddych's Antique Armour Boutique.
  6109 | D:6      | Bought a pair of boots for 103 gold pieces
  6181 | D:6      | Identified the +9 spear of Fedhas's Esteem {pain, Str+3}
  6360 | D:6      | Reached skill level 7 in Fighting
  6629 | D:6      | Reached skill level 1 in Necromancy
  7608 | D:8      | Found a radiant altar of Vehumet.
  7651 | D:8      | Noticed a troll
  7679 | D:8      | Killed a troll
  7747 | D:8      | Reached XP level 10. HP: 71/80 MP: 13/15
  8179 | D:7      | Reached skill level 5 in Necromancy
  8532 | D:7      | Reached skill level 8 in Fighting
  8952 | D:8      | Identified a scroll of acquirement
  8952 | D:8      | Acquired the +0 pair of fencer's gloves {Riposte Dex+3}
  8952 | D:8      | Found the +0 pair of fencer's gloves {Riposte Dex+3}
  9379 | D:9      | Noticed a deep elf pyromancer
  9387 | D:9      | Killed a deep elf pyromancer
  9664 | D:9      | Found an iron altar of Okawaru.
  9698 | D:9      | Noticed a gargoyle
  9808 | D:7      | Acquired a +2 sling of draining
 10007 | D:9      | Found a staircase to the Lair.
 10017 | D:9      | Reached skill level 1 in Conjurations
 10024 | Lair:1   | Entered Level 1 of the Lair of Beasts
 10033 | Lair:1   | Reached skill level 1 in Air Magic
 10045 | Lair:1   | Reached XP level 11. HP: 67/87 MP: 13/18
 10330 | Lair:1   | Noticed Amaemon
 10334 | Lair:1   | Reached skill level 9 in Fighting
 10503 | D:9      | Reached skill level 5 in Spellcasting
 11348 | D:10     | Entered Level 10 of the Dungeon
 11354 | D:9      | Noticed a centaur warrior
 11362 | D:9      | Killed a centaur warrior
 11551 | D:10     | Found a staircase to the Orcish Mines.
 11616 | D:10     | Noticed Harold
 11647 | D:10     | Killed Harold
 11696 | D:10     | Reached XP level 12. HP: 31/97 MP: 12/21
 11796 | D:10     | Noticed Lodul
 11801 | D:10     | Killed Lodul
 11805 | D:10     | Reached skill level 10 in Fighting
 11866 | D:10     | Found a flagged portal.
 11875 | Bailey   | Entered a bailey
 12474 | D:10     | Found an ornate altar of the Wu Jian Council.
 12476 | D:10     | Found a hide-covered altar of Uskayaw.
 12962 | D:11     | Noticed a two-headed ogre
 12971 | D:11     | Killed a two-headed ogre
 12972 | D:11     | Reached skill level 5 in Conjurations
 13250 | Lair:1   | Learned a level 4 spell: Sticky Flame
 13393 | Lair:1   | Reached skill level 1 in Fire Magic
 13418 | Lair:1   | Noticed Joseph
 13605 | Lair:1   | Killed Amaemon
 13816 | Lair:1   | Killed Joseph
 13942 | Lair:1   | Got the Lessons on Corresponding Calcination
 14116 | Lair:1   | Reached skill level 11 in Fighting
 14116 | Lair:1   | Reached XP level 13. HP: 99/106 MP: 20/23
 14255 | Lair:2   | Found a hole to the Spider Nest.
 15948 | Lair:2   | Learned a level 5 spell: Freezing Cloud
 16001 | Lair:2   | Found a staircase to the Shoals.
 16502 | Lair:2   | Reached skill level 1 in Ice Magic
 16502 | Lair:2   | Reached skill level 1 in Earth Magic
 16566 | Lair:3   | Reached skill level 5 in Fire Magic
 17072 | Lair:3   | Found a transporter.
 17361 | Lair:3   | Found a transporter.
 17373 | Lair:3   | Found the +1 cloak of Starlight {*Dazzle EV+4 Stlth--}
 17657 | Lair:3   | Reached skill level 12 in Fighting
 18111 | Lair:3   | Learned a level 4 spell: Olgreb's Toxic Radiance
 18870 | Lair:4   | Reached XP level 14. HP: 115/115 MP: 19/26
 18936 | Lair:4   | Acquired a megareticulated subsystem {rF+ rC+ Clar RMsl}
 19614 | Lair:5   | Entered Level 5 of the Lair of Beasts
 19816 | Lair:5   | Found a staircase to the Slime Pits.
 19816 | Lair:5   | Found a viscous altar of Jiyva.
 20770 | Lair:5   | Reached XP level 15. HP: 55/122 MP: 7/27
 21727 | Lair:5   | Found a large runed translucent door.
 22527 | Lair:5   | Found a large runed translucent door.
 22715 | Lair:5   | Reached skill level 13 in Fighting
 23621 | Spider:1 | Entered Level 1 of the Spider Nest
 23860 | Orc:1    | Entered Level 1 of the Orcish Mines
 23866 | Orc:1    | Noticed Erolcha
 23873 | Orc:1    | Killed Erolcha
 24479 | Orc:1    | Found a roughly hewn altar of Beogh.
 24583 | Orc:2    | Entered Level 2 of the Orcish Mines
 24674 | Orc:2    | Found a staircase to the Elven Halls.
 24790 | Orc:2    | Noticed an orc warlord
 24929 | Orc:2    | Killed an orc warlord
 25709 | Orc:2    | Found Izxyi's Antique Armour Boutique.
 25710 | Orc:2    | Found Binguol's Antique Weapon Shop.
 25711 | Orc:2    | Found Siebel's General Store.
 25711 | Orc:2    | Found Xuhum's Book Boutique.
 25727 | Orc:2    | Bought a glowing robe for 92 gold pieces
 26613 | D:11     | Reached XP level 16. HP: 120/131 MP: 22/28
 27567 | Shoals:1 | Entered Level 1 of the Shoals
 28359 | Shoals:1 | Learned a level 6 spell: Permafrost Eruption
 29512 | Shoals:1 | Upgraded the game from 0.32-a0-814-g0968bab981 to
                  | 0.32-a0-818-gb728d0252e
 29667 | Shoals:2 | Reached skill level 14 in Fighting
 31738 | Shoals:3 | Paralysed by a formless jellyfish for 1 turns
 32078 | D:9      | Bought a potion of heal wounds for 60 gold pieces
 32078 | D:9      | Bought a potion of curing for 36 gold pieces
 32078 | D:9      | Bought a potion of heal wounds for 60 gold pieces
 32078 | D:9      | Bought a potion of degeneration for 12 gold pieces
 32078 | D:9      | Bought a potion of heal wounds for 60 gold pieces
 32078 | D:9      | Bought a potion of invisibility for 96 gold pieces
 32078 | D:9      | Bought a potion of might for 48 gold pieces
 32217 | D:3      | Killed inkslinger's ghost
 32221 | D:3      | Killed smashvw's ghost
 32734 | D:12     | Identified the staff "Feoruyddo" {Will+ Int+2 Conj}
 33466 | D:13     | Found a gate leading to a gauntlet.
 33471 | Gauntlet | Entered a Gauntlet
 33471 | Gauntlet | Found a transporter.
 33471 | Gauntlet | Found a transporter.
 33471 | Gauntlet | Found a transporter.
 33472 | Gauntlet | Found a transporter.
 33475 | Gauntlet | Found a transporter.
 33485 | Gauntlet | Found a transporter.
 33488 | Gauntlet | Found a transporter.
 33498 | Gauntlet | Found a transporter.
 33506 | Gauntlet | Found a transporter.
 33523 | Gauntlet | Found a transporter.
 33531 | Gauntlet | Found a transporter.
 33549 | Gauntlet | Found a transporter.
 33712 | Gauntlet | Reached skill level 5 in Dodging
 33877 | Gauntlet | Identified the amulet of Sabrupragai {Harm rC- Regen+ rCorr
                  | Int+3}
 34086 | Gauntlet | Got the Catalogue of Venomous Forces
 34092 | Gauntlet | Learned a level 4 spell: Ignite Poison
 34295 | D:13     | Found Vytedgh's General Store.
 34298 | D:13     | Bought a scroll of identify for 28 gold pieces
 34727 | D:13     | Found the +2 hood of the Assassin {Detect Stab+ Stlth++}
 34856 | D:13     | Reached XP level 17. HP: 140/140 MP: 5/29
 35238 | D:13     | Found a gate to the Vaults.
 35356 | D:13     | Identified the +6 scale mail of a sewer {Str+3 Int+4
                  | Stlth-}
 36304 | D:14     | Noticed Agnes
 37466 | Shoals:3 | Identified the +3 tower shield of Moadett {rC- Str+4 Dex+4}
 37845 | Shoals:4 | Entered Level 4 of the Shoals
 37845 | Shoals:4 | Found a stormy altar of Qazlal.
 38648 | Shoals:4 | Reached skill level 15 in Fighting
 38650 | Shoals:4 | Reached skill level 10 in Ice Magic
 38650 | Shoals:4 | Reached skill level 10 in Earth Magic
 38813 | Shoals:4 | Identified the +5 rapier of Armageddon {antimagic, rPois
                  | Str+2}
 39842 | Shoals:4 | Got a barnacled rune of Zot
 39846 | Shoals:4 | Got the Opusculum on Allied Destiny
 41427 | Spider:1 | Reached XP level 18. HP: 149/149 MP: 6/30
 43476 | Spider:2 | Reached skill level 10 in Dodging
 44638 | Spider:2 | Reached skill level 1 in Armour
 45964 | Spider:3 | Noticed Mara
 45970 | Spider:3 | Noticed Shayle's illusion
 46606 | Spider:3 | Noticed Shayle's illusion
 46614 | Spider:3 | HP: 5/151 [culicivora (15)]
 46626 | Spider:3 | HP: 1/151 [culicivora (14)]
 47047 | D:9      | Bought a scroll of blinking for 97 gold pieces
 47047 | D:9      | Bought 3 scrolls of teleportation for 117 gold pieces
 47047 | D:9      | Bought a scroll of enchant armour for 97 gold pieces
 47047 | D:9      | Bought a scroll of butterflies for 52 gold pieces
 47047 | D:9      | Bought a scroll of teleportation for 39 gold pieces
 47047 | D:9      | Bought a scroll of teleportation for 39 gold pieces
 47214 | Vaults:1 | Entered Level 1 of the Vaults
 47232 | Vaults:1 | Acquired the staff "Huaq" {rElec rF+ Int+2 Dex+3 Air}
 47659 | Vaults:1 | Found Romellum's Book Shoppe.
 47904 | Vaults:1 | Reached skill level 5 in Armour
 48300 | Vaults:1 | Identified the +3 battleaxe of Emokefos {speed, Int+3}
 48377 | Vaults:1 | Noticed Norris
 48394 | Vaults:1 | Killed Norris
 48395 | Vaults:1 | Reached XP level 19. HP: 71/157 MP: 2/31
 49443 | Vaults:2 | Found a crumbling gateway.
 49493 | Vaults:2 | Learned a level 6 spell: Sculpt Simulacrum
 49537 | Desolati | Entered the Desolation of Salt
 49703 | Desolati | Learned a level 4 spell: Summon Blazeheart Golem
 49740 | Desolati | HP: 2/157 [guardian serpent/bolt of poison (13)]
 49743 | Desolati | Killed from afar by a ragged hierophant

Illustrated notes

Levels and vault maps discovered:
D:1:      mrwooster_arrival_statue_2, layout_loops_corners, serial_shops, shop,
          shapermc_ecumenical_altar_venn, corexii_corridor_pit,
          minmay_liquid_box
D:2:      layout_rooms, uniq_robin
D:3:      minmay_chambers_of_twos, layout_rooms,
          nicolae_elyvilon_peaceful_grove, mainiacjoe_overflow_paths,
          nicolae_dithmenos_shadow_blocks, gammafunk_ghost_cemetery
D:4:      wad_lake_hut, layout_gridville, minmay_temple_entry_stoned_glass,
          hangedman_decor_lopped, minmay_goblin_outpost
D:5:      layout_rooms, nicolae_qazlal_scattered_showers, minivault_27
D:6:      layout_cave_pods, grunt_temple_overflow_open, serial_shops,
          nicolae_shop_rolling_square, moated_statue,
          hangedman_abyss_or_decor_stabs, uniq_pikel
D:7:      layout_basic, minmay_diced_spiral
D:8:      layout_gridville, mainiacjoe_overflow_chevrons, minmay_bent
D:9:      minmay_ornate_pinched, layout_gridville, amcnicky_altar_gilded,
          dpeg_oklobed_lair
D:10:     minmay_flawed_box, layout_cross, mainiacjoe_overflow_catwalk_spiral,
          hiddenorc2_lemuel, enter_bailey_3, nrook_loot_triangle, uniq_lodul,
          uniq_harold
D:11:     layout_loops_cross
D:12:     layout_basic, minmay_evil_grid
D:13:     layout_stronghold, grunt_vaults_entry_tiered, serial_shops,
          kennysheep_mini_moat, gauntlet_entry_generic
D:14:     layout_loops_cross, serial_park_tiny_1, uniq_agnes
Temple:   nicolae_temple_no_exploring_needed
Lair:1:   layout_concentric_octagons, grunt_forest_large_clearing_hut,
          infiniplex_staircase_pool, grunt_megastairs_2, serial_bayou_shore_b,
          uniq_amaemon, uniq_joseph
Lair:2:   layout_chaotic_city, minmay_shoals_entry_lonely_mermaid,
          nicolae_spider_entry_tight_spaces, nicolae_quartered_pool_little
Lair:3:   gammafunk_cloud_chamber, layout_layer_cave,
          chequers_serial_rivers_small_b, hellmonk_talismancer
Lair:4:   layout_hall_layers, minivault_24, st_stairs_3, lemuel_fruit_tree
Lair:5:   cheibrodos_lair_end_hotspot, layout_layer_cave,
          minmay_slime_entry_oklob_open
Shoals:1: layout_shoals
Shoals:2: layout_shoals
Shoals:3: layout_shoals
Shoals:4: shoals_end_hellmonk_storm_palace [storm_palace_center_square,
          storm_palace_corner_narrow, storm_palace_corner_altar,
          storm_palace_corner_grid, storm_palace_corner_reverse_hut]
Spider:1: nicolae_spider_broodchamber
Spider:2: layout_cave_pods
Spider:3: layout_chambers, hellmonk_ghost_happy_afterlife,
          nicolae_spider_baby_got_redback, uniq_mara
Orc:1:    layout_diamond_mine, regret_index_minedec_guest_junction,
          lemuel_statue_altar, uniq_erolcha
Orc:2:    st_orc_congregation, layout_caves, small_statue_alley_c
Vaults:1: nicolae_vaults_tetromino_L_2, v_pattern_4, v_misc_15, v_misc_9,
          vaults_room_ringed_pool, nicolae_vaults_surprise_closet,
          ontoclasm_vaults_ring_large, ontoclasm_vaults_shuriken,
          nicolae_vaults_six-pack, layout_vaults_quadrants, serial_shops,
          nicolae_square_shop, uniq_norris
Vaults:2: portal_desolation_entry_twin_temple, nicolae_vaults_closet_pinwheel_1,
          fort_yaktaur, grunt_vaults_focal, minmay_crypt_entry_vampire_xt,
          ontoclasm_vaults_misaligned, nicolae_vaults_closet_pinwheel_1,
          v_misc_11, v_misc_4, nicolae_vaults_trapezoid_4, vaults_dpeg_doors,
          vaults_mumra_hexcomb, nicolae_vaults_tetromino_T_1,
          layout_vaults_maze, uniq_xtahua
Desolation

Skill      XL: |  1  2  3  4  5  6  7  8  9 10 11 12 13 14 15 16 17 18 |
---------------+-------------------------------------------------------+-----
Fighting       | 1 2 3 4 5 6 7 8 9 11 12 13 14 15 | 15.7
Ranged Weapons | 1 2 3 4 5 6 7 8 9 |  9.3
Alchemy        | 4 6 |  6.7
Necromancy     | 4 6 |  6.8
Spellcasting   | 3 4 6 7 8 |  8.0
Conjurations   | 1 4 6 7 |  7.1
Air Magic      | 1 4 |  4.9
Fire Magic     | 3 5 6 8 |  8.5
Ice Magic      | 3 6 7 9 10 12 | 12.8
Earth Magic    | 3 6 7 9 10 11 | 11.0
Dodging        | 5 9 10 | 10.1
Armour         | 6 |  6.7
Stealth        | |  1.5

Action                     |  1- 3 |  4- 6 |  7- 9 | 10-12 | 13-15 | 16-18 | 19-21 || total
---------------------------+-------+-------+-------+-------+-------+-------+-------++-------
  Melee: Unarmed           |    10 |       |       |       |       |       |       ||    10
         Dagger            |    48 |   139 |    30 |       |       |       |       ||   217
         Whip              |    44 |   148 |   347 |    37 |       |       |       ||   576
         Spear             |       |       |    96 |   362 |   345 |   554 |    34 ||  1391
         Morningstar       |       |       |       |   282 |   331 |   518 |    33 ||  1164
  Throw: Javelin           |       |       |    13 |     4 |       |       |       ||    17
         Boomerang         |       |       |       |    10 |       |       |       ||    10
         Dart              |       |       |       |       |       |     1 |       ||     1
   Cast: Sting             |    53 |    24 |     8 |    13 |     6 |     1 |       ||   105
         Mephitic Cloud    |       |     3 |    18 |    52 |    81 |   120 |     3 ||   277
         Sticky Flame      |       |       |       |     3 |    33 |    73 |     7 ||   116
         Freezing Cloud    |       |       |       |       |    49 |    82 |     3 ||   134
         Olgreb's Toxic Ra |       |       |       |       |    29 |   136 |     1 ||   166
         Permafrost Erupti |       |       |       |       |       |    20 |     2 ||    22
         Ignite Poison     |       |       |       |       |       |    39 |     1 ||    40
         Summon Blazeheart |       |       |       |       |       |       |     1 ||     1
 Invoke: Potion Petition   |       |       |       |     2 |     2 |     9 |     1 ||    14
         Call Merchant     |       |       |       |       |       |     3 |       ||     3
Ability: Invent Gizmo      |       |       |       |       |     1 |       |       ||     1
  Evoke: Wand              |       |       |     2 |     9 |     6 |     1 |       ||    18
         Lightning rod     |       |       |       |     3 |    10 |       |       ||    13
    Use: Scroll            |       |     4 |       |    25 |     2 |    18 |     3 ||    52
         Potion            |       |     2 |     1 |     5 |     3 |    23 |     2 ||    36
   Stab: Sleeping          |       |     4 |     2 |       |       |     1 |       ||     7
         Confused          |       |       |    21 |    51 |    73 |    59 |     3 ||   207
         Distracted        |       |       |       |     1 |     2 |     4 |       ||     7
         Invisible         |       |       |       |       |       |     3 |       ||     3
 Armour: Robe              |    57 |   118 |   213 |   285 |   366 |   754 |       ||  1793
         Skin              |       |       |       |       |       |     1 |       ||     1
         Leather armour    |       |       |       |       |       |    42 |    64 ||   106
  Dodge: Dodged            |    67 |    90 |   213 |   235 |   242 |   621 |    65 ||  1533
         Repelled          |       |       |       |       |     9 |    55 |     3 ||    67
Riposte: Morningstar       |       |       |       |    50 |    50 |   114 |    13 ||   227
         Spear             |       |       |       |    52 |    50 |   128 |    12 ||   242

Table legend: (Time is in decaauts)
 A = Elapsed time spent in this place.
 B = Non-inter-level travel time spent in this place.
 C = Inter-level travel time spent in this place.
 D = Time resting spent in this place.
 E = Time spent auto-exploring this place.
 F = Levels seen in this place.
 G = Mean time per level.
                   A        B        C        D        E       F      G
               +--------+--------+--------+--------+--------+-----+--------+
         Total |  50633 |  47900 |   2733 |  17789 |  17694 |  34 | 1489.2 |
       Dungeon |  18085 |  16649 |   1436 |   3476 |   8224 |  14 | 1291.8 |
        Temple |     14 |      7 |      7 |      0 |      0 |   1 |   14.0 |
          Lair |  12035 |  11359 |    676 |   4760 |   4203 |   5 | 2407.0 |
        Shoals |   8418 |   8177 |    241 |   4322 |   2144 |   4 | 2104.5 |
   Spider Nest |   5973 |   5764 |    209 |   3232 |   1319 |   3 | 1991.0 |
  Orcish Mines |   2401 |   2262 |    139 |    647 |    772 |   2 | 1200.5 |
        Vaults |   2341 |   2318 |     23 |    890 |    900 |   2 | 1170.5 |
        Bailey |    526 |    526 |      0 |    142 |    131 |   1 |  526.0 |
    Desolation |    208 |    208 |      0 |     89 |      0 |   1 |  208.0 |
      Gauntlet |    628 |    628 |      0 |    230 |      0 |   1 |  628.0 |
               +--------+--------+--------+--------+--------+-----+--------+

Top non-repeatable levels by time:
  Lair:5: 3740 daAuts
  Lair:2: 3137 daAuts
Spider:2: 2846 daAuts
    D:13: 2836 daAuts
Shoals:4: 2559 daAuts
Vaults:1: 2136 daAuts
Spider:1: 2075 daAuts
Shoals:1: 2069 daAuts
  Lair:1: 2018 daAuts
Shoals:3: 1969 daAuts
Shoals:2: 1819 daAuts
     D:4: 1760 daAuts
  Lair:4: 1690 daAuts
     D:9: 1617 daAuts
     D:8: 1515 daAuts
